 Dungeon Crawl Stone Soup version 0.31-a0-656-gb4d89c20fa (webtiles) character file.

Game seed: 29346073295290735

16730 LobsterGuardian the Covert (level 12, -6/87 HPs)
             Began as a Vampire Brigand on Aug 30, 2023.
             Was an Initiate of Yredelemnul.
             Mangled by a chaos spawn (13 damage)
             ... summoned by Frances
             ... on level 12 of the Dungeon.
             The game lasted 00:52:30 (10629 turns).

LobsterGuardian the Covert (Vampire Brigand)       Turns: 10629, Time: 00:52:31

Health: -6/87      AC: 14    Str: 16    XL:     12   Next: 12%
Magic:  13/17      EV: 14    Int: 15    God:    Yredelemnul [......]
Gold:   705        SH:  0    Dex: 19    Spells: 11/11 levels left

rFire   + + .        D - +7 dagger of Annoyance {heavy, Will+ Str+6}
rCold   . . .        (no shield)
rNeg    + . .        M - +3 ring mail {rN+}
rPois   .            r - +2 hat {Stlth+}
rElec   .            c - +0 cloak
rCorr   .            (no gloves)
SInv    +            l - +0 pair of boots
Will    +++..        F - amulet of faith
Stlth   ++++++       b - ring of protection from fire
HPRegen 0.54/turn    n - ring of willpower
MPRegen 0.15/turn

%: faith
@: lethally poisoned (-6 -> -14), healing quickly
A: alive, fangs 3, see invisible, vampiric 2, fire resistance 1, no potion heal
1
a: Exsanguinate, Renounce Religion, Recall Undead Harvest


You were on level 12 of the Dungeon.
You worshipped Yredelemnul.
Yredelemnul was noncommittal.
You visited 1 branch of the dungeon, and saw 12 of its levels.

You collected 705 gold pieces.

Inventory:

Hand Weapons
 q - a +2 dagger of freezing
 t - a +1 rapier of draining
 D - the +7 dagger of Annoyance (weapon) {heavy, Will+ Str+6}
   (You found it on level 6 of the Dungeon)

   Str+6:     It affects your strength (+6).
   Will+:     It increases your willpower.
Missiles
 d - 35 poisoned darts (quivered)
 e - a curare-tipped dart
Armour
 c - a +0 cloak (worn)
 l - a +0 pair of boots (worn)
 r - a +2 hat of stealth (worn)
 M - a +3 ring mail of positive energy (worn)
Jewellery
 b - a ring of protection from fire (left hand)
 m - an amulet of the acrobat
 n - a ring of willpower (right hand)
 s - a ring of protection from cold
 z - a ring of fire
 F - an amulet of faith (around neck)
Wands
 a - a wand of flame (22)
 y - a wand of iceblast (11)
 A - a wand of paralysis (13)
 E - a wand of mindburst (7)
 I - a wand of digging (5)
Scrolls
 f - 2 scrolls of blinking
 g - 8 scrolls of teleportation
 h - a scroll of vulnerability
 i - 2 scrolls of revelation
 j - 2 scrolls of amnesia
 u - a scroll of enchant weapon {unknown}
 v - 3 scrolls of fog
 w - a scroll of silence {unknown}
 C - a scroll of enchant armour
 G - a scroll of summoning
 L - a scroll of noise
Potions
 k - 2 potions of degeneration
 o - 3 potions of brilliance
 p - 2 potions of attraction
 B - a potion of cancellation
 H - 3 potions of lignification
 J - a potion of enlightenment


   Skills:
 + Level 5.8 Fighting
 * Level 11.3 Short Blades
 + Level 4.1 Throwing
 + Level 6.6 Armour
 + Level 6.4 Dodging
 + Level 14.6 Stealth
 * Level 7.4 Invocations


You had 11 spell levels left.
You didn't know any spells.
Your spell library contained the following spells:

 Spells                   Type           Power      Damage    Failure   Level
 Magic Dart               Conj           0%         1d3       43%         1
 Necrotise                Necr           0%         1d4       43%         1
 Slow                     Hex            0%         N/A       43%         1
 Blink                    Tloc           0%         N/A       56%         2
 Call Imp                 Summ           0%         N/A       56%         2
 Cigotuvi's Dreadful Rot  Necr/Pois/Air  0%         N/A       56%         2
 Lesser Beckoning         Tloc           0%         N/A       56%         2
 Momentum Strike          Conj/Tloc      0%         3d8       56%         2
 Searing Ray              Conj           0%         2d4       56%         2
 Static Discharge         Conj/Air       0%         2-2/arc   56%         2
 Confusing Touch          Hex            0%         N/A       80%         3
 Dazzling Flash           Conj/Hex       0%         N/A       80%         3
 Frozen Ramparts          Ice            0%         1d1       80%         3
 Mephitic Cloud           Conj/Pois/Air  0%         N/A       80%         3
 Portal Projectile        Hex/Tloc       0%         N/A       80%         3
 Tukima's Dance           Hex            0%         N/A       80%         3
 Vampiric Draining        Necr           0%         2d6       80%         3
 Volatile Blastmotes      Fire/Tloc      0%         2d10      80%         3
 Airstrike                Air            0%         2d(0-16)  99%         4
 Dispel Undead            Necr           0%         3d6       99%         4
 Fulminant Prism          Conj/Hex       0%         3d5       99%         4
 Iskenderun's Mystic Bla  Conj/Tloc      0%         2d3       99%         4
 Petrify                  Tmut/Erth      0%         N/A       99%         4
 Summon Lightning Spire   Summ/Air       0%         N/A       99%         4
 Agony                    Necr           0%         N/A       100%        5
 Metabolic Englaciation   Hex/Ice        0%         N/A       100%        5
 Starburst                Conj/Fire      0%         6d3       100%        6
 Maxwell's Capacitive Co  Air            0%         ∞         100%        8
 Death Channel            Necr           Unusable   N/A       N/A         6

Dungeon Overview and Level Annotations

Branches:
Dungeon (12/15)            Temple (0/1) D:7            Lair (0/5) D:8
    Orc: D:9-12

Altars:
Fedhas
Sif Muna
Trog
Xom
Yredelemnul

Shops:
D:4 :

Portals:
Trove: D:11 (show abyssal rune of Zot)

Annotations:
D:12 Frances


Innate Abilities, Weirdness & Mutations

Your natural rate of healing is accelerated.
You have razor-sharp teeth.
You have supernaturally acute eyesight. (SInv)
You are afflicted with vampirism and can become a bat while bloodless.
Your flesh is heat resistant. (rF+)
Potions are less effective at restoring your health.


Message History

You feel sick.
Frances hits you with a +4 short sword of venom!!
* * * LOW HITPOINT WARNING * * *
Unknown command.
Unknown command.
Your system partially rejects the healing.
You feel much better.
You feel sick.
Frances hits you with a +4 short sword of venom!!
* * * LOW HITPOINT WARNING * * *
You puncture Frances! You bite Frances, but do no damage.
Frances is almost dead.
The chaos spawn hits you.
* * * LOW HITPOINT WARNING * * *
You feel your power leaking away. Frances barely misses you.
Unknown command.
You barely miss Frances.
Frances is almost dead.
You feel sick.
Frances is no longer moving slowly.
The chaos spawn gores you but does no damage.
Frances misses you.
Unknown command.
You hit Frances but do no damage.
Frances is almost dead.
You feel sick. Frances hits you but does no damage.
You are lethally poisoned!
Unknown command.
Your system partially rejects the healing.
You feel better.
The chaos spawn hits you but does no damage.
Frances closely misses you.
Unknown command.
You hit Frances. You bite Frances, but do no damage.
Frances is almost dead.
Frances hits you with a +4 short sword of venom.
* * * LOW HITPOINT WARNING * * *
You are lethally poisoned!
The chaos spawn hits you!
You die...
You join the legions of the undead harvest.

### ...... ..# .....
#.# #...# #.# #...#
###.### #...#
#.....#######
##...###......4....#
##.....##.....@@.(#
##....<..#...>..##.#
#..).............#
+...................
#.........####...#.#
##.......## ##.##.#
##.....## ### #
##...## ##+##


You could see Frances (fast, extremely poisoned) and a chaos spawn (summoned).

Vanquished Creatures
  Harold (D:10)
  Erica (D:8)
  A boulder beetle (D:11)
  2 two-headed ogres
  A deep elf pyromancer (D:10)
  A deep elf zephyrmancer (D:10)
  A cyclops (D:11)
  Joseph (D:10)
  Jeremiah (D:7)
  Maggie (D:10)
  The ghost of ryw the Ruffian, an amateur TrFi of Okawaru (D:6)
  2 guardian mummies (D:11)
  3 trolls (D:11)
  A shadow (D:10)
  A wraith (D:11)
  Eustachio (D:5)
  7 yaks
  4 steam dragons
  3 vampire mosquitoes (D:11)
  4 orc warriors
  A black bear (D:7)
  2 ice beasts
  3 ogres
  3 wolves (D:11)
  A phantom (D:6)
  Blork the orc (D:4)
  A kobold brigand (D:9)
  3 bullfrogs
  3 scorpions
  2 wights (D:8)
  13 killer bees
  A howler monkey (D:9)
  A crimson imp (D:10)
  4 hounds
  A jelly (D:6)
  6 orc priests
  2 gnoll boudas
  An iron imp (D:10)
  13 orc wizards
  An iguana (D:6)
  8 gnolls
  3 adders
  3 shadow imps
  2 white imps
  2 ufetubi
  2 worms (D:4)
  2 dart slugs
  31 orcs
  11 ball pythons
  7 endoplasms
  2 giant cockroaches
  21 goblins
  4 hobgoblins
  4 jackals
  3 quokkas
  4 bats
  5 frilled lizards
  15 kobolds
  2 orc zombies
  7 rats
239 creatures vanquished.

Vanquished Creatures (collateral kills)
  A dancing weapon (D:6)
  A two-headed ogre (D:9)
  Amaemon (D:9)
  An orange demon (D:9)
  A komodo dragon (D:8)
  5 yaks
  Grum (D:11)
  A swamp drake (D:10)
  An orc warrior (D:9)
  A centaur (D:10)
  An ogre (D:4)
  A kobold brigand (D:9)
  3 wights (D:8)
  9 killer bees
  A yak zombie (D:9)
  A howler monkey (D:9)
  A jelly (D:7)
  A bullfrog zombie (D:8)
  2 hounds (D:5)
  A gnoll bouda (D:5)
  An orc priest (D:9)
  Natasha (thrice) (D:4)
  An orc wizard (D:5)
  A killer bee zombie (D:9)
  Robin (D:4)
  6 gnolls
  A shadow imp (D:5)
  A white imp (D:10)
  An ufetubus (D:5)
  23 orcs
  A giant cockroach (D:4)
  3 goblins (D:4)
  3 hobgoblins (D:4)
  A jackal (D:5)
  A gnoll zombie (D:9)
  7 kobolds (D:9)
  2 orc zombies (D:8)
92 creatures vanquished.

Vanquished Creatures (others)
  A yak (D:9)
  A two-headed ogre zombie (D:10)
  2 yak zombies (D:9)
  A troll zombie (D:11)
  2 wolf zombies (D:11)
  A human zombie (D:10)
  A centaur zombie (D:10)
  4 killer bee zombies
  A hound zombie (D:6)
  A felid zombie (D:4)
  12 orc zombies
  An orc (D:10)
  8 gnoll zombies
  An endoplasm zombie (D:4)
  A giant cockroach zombie (D:4)
  2 goblin zombies (D:4)
  3 hobgoblin zombies (D:4)
  2 jackal zombies (D:5)
  3 kobold zombies (D:9)
  A rat zombie (D:3)
  A spectral ufetubus (D:5)
50 creatures vanquished.

Grand Total: 381 creatures vanquished

Notes
Turn   | Place    | Note
-------+----------+-------------------------------------------
     0 | D:1      | LobsterGuardian the Vampire Brigand began the quest for the
                  | Orb.
     0 | D:1      | Reached XP level 1. HP: 16/16 MP: 1/1
     8 | D:1      | Reached skill level 6 in Stealth
   190 | D:1      | Reached XP level 2. HP: 17/19 MP: 2/2
   223 | D:1      | Reached skill level 7 in Stealth
   557 | D:1      | Found a faded altar of an unknown god.
   614 | D:1      | Gained mutation: You are afflicted with vampirism and can
                  | become a bat while bloodless. [Vampire growth]
   614 | D:1      | Reached XP level 3. HP: 22/24 MP: 3/3
  1277 | D:2      | Found a basalt altar of Yredelemnul.
  1401 | D:2      | Became a worshipper of Yredelemnul the Dark
  1435 | D:3      | Reached skill level 8 in Stealth
  1489 | D:3      | Found a shimmering blue altar of Sif Muna.
  1492 | D:3      | Reached * piety under Yredelemnul
  1493 | D:3      | Reached XP level 4. HP: 29/29 MP: 4/4
  1881 | D:3      | Reached skill level 9 in Stealth
  1895 | D:3      | Reached XP level 5. HP: 36/38 MP: 5/5
  2240 | D:3      | Upgraded the game from 0.31-a0-654-gbe3e110b4e to
                  | 0.31-a0-656-gb4d89c20fa
  2607 | D:4      | Noticed Natasha
  2734 | D:4      | Noticed Blork the orc
  2765 | D:4      | Killed Blork the orc
  2766 | D:4      | Reached skill level 1 in Armour
  2766 | D:4      | Reached skill level 1 in Invocations
  2785 | D:4      | Noticed an ogre
  2826 | D:4      | Killed an ogre
  2827 | D:4      | Reached XP level 6. HP: 44/44 MP: 5/7
  2960 | D:4      | Killed Natasha
  2972 | D:4      | Noticed Natasha
  2979 | D:4      | Killed Natasha
  3019 | D:4      | Noticed Natasha
  3027 | D:4      | Found Wuifac's Book Shoppe.
  3031 | D:4      | Reached ** piety under Yredelemnul
  3041 | D:4      | Killed Natasha
  3042 | D:4      | Reached skill level 10 in Stealth
  3174 | D:4      | Gained mutation: Your muscles are strong. (Str +4, Int/Dex
                  | -1) [potion of mutation]
  3174 | D:4      | Lost mutation: Your muscles are strong. (Str +4, Int/Dex
                  | -1) [potion of mutation]
  3174 | D:4      | Gained mutation: Potions are less effective at restoring
                  | your health. [potion of mutation]
  3174 | D:4      | Gained mutation: Your flesh is heat resistant. (rF+)
                  | [potion of mutation]
  3369 | D:4      | Noticed Robin
  3394 | D:4      | Killed Robin
  3396 | D:4      | Your ally Natasha died
  3398 | D:4      | Reached XP level 7. HP: 15/50 MP: 4/8
  3895 | D:5      | Entered Level 5 of the Dungeon
  3994 | D:5      | Noticed Eustachio
  3996 | D:5      | Killed Eustachio
  4188 | D:5      | Reached skill level 11 in Stealth
  4201 | D:5      | Reached *** piety under Yredelemnul
  4325 | D:5      | Reached XP level 8. HP: 56/56 MP: 10/10
  4843 | D:6      | Reached skill level 5 in Short Blades
  4927 | D:6      | Identified the +7 dagger of Annoyance {heavy, Will+ Str+6}
  4999 | D:6      | Found a runed translucent door.
  4999 | D:6      | Found a shimmering altar of Xom.
  4999 | D:6      | Noticed ryw's ghost (amateur TrFi)
  5129 | D:6      | Noticed a +1 whip of chaos
  5145 | D:6      | Killed a +1 whip of chaos
  5146 | D:6      | Reached XP level 9. HP: 52/62 MP: 1/12
  5153 | D:6      | Killed ryw's ghost
  5419 | D:7      | Reached skill level 12 in Stealth
  5602 | D:7      | Found a shimmering altar of Xom.
  5615 | D:7      | Found a staircase to the Ecumenical Temple.
  5827 | D:7      | Noticed Jeremiah
  5834 | D:7      | Killed Jeremiah
  5894 | D:7      | Found a bloodstained altar of Trog.
  6449 | D:8      | Reached skill level 5 in Invocations
  6587 | D:8      | Reached XP level 10. HP: 70/70 MP: 13/13
  6738 | D:8      | Noticed Erica
  6745 | D:8      | Killed Erica
  6746 | D:8      | Reached skill level 5 in Armour
  6771 | D:8      | Found a staircase to the Lair.
  7501 | D:9      | Noticed a two-headed ogre
  7721 | D:9      | Killed a two-headed ogre
  7722 | D:9      | Reached skill level 5 in Dodging
  7815 | D:9      | Reached skill level 13 in Stealth
  7841 | D:9      | Noticed Amaemon
  7841 | D:9      | Noticed an orange demon
  7845 | D:9      | Killed an orange demon
  7852 | D:9      | Killed Amaemon
  7859 | D:9      | Reached XP level 11. HP: 54/78 MP: 15/15
  7895 | D:9      | Reached skill level 10 in Short Blades
  7930 | D:9      | Reached **** piety under Yredelemnul
  7955 | D:9      | Reached ***** piety under Yredelemnul
  8397 | D:10     | Entered Level 10 of the Dungeon
  8399 | D:10     | Found a blossoming altar of Fedhas.
  8428 | D:10     | Noticed Maggie
  8451 | D:10     | Killed Maggie
  8546 | D:10     | Noticed Harold
  8553 | D:10     | Killed Harold
  8665 | D:10     | Reached skill level 5 in Fighting
  8870 | D:10     | Noticed Joseph
  8877 | D:10     | Killed Joseph
  8926 | D:10     | Noticed a two-headed ogre
  8931 | D:10     | Killed a two-headed ogre
  9040 | D:10     | Noticed a deep elf pyromancer
  9061 | D:10     | Killed a deep elf pyromancer
  9119 | D:10     | Noticed a deep elf zephyrmancer
  9122 | D:10     | Killed a deep elf zephyrmancer
  9123 | D:10     | Reached skill level 14 in Stealth
  9146 | D:10     | Your ally Joseph died
  9400 | D:11     | Noticed a two-headed ogre
  9413 | D:11     | Killed a two-headed ogre
  9607 | D:11     | Noticed Grum
  9617 | D:11     | Noticed a boulder beetle
  9620 | D:11     | Killed Grum
  9641 | D:11     | Killed a boulder beetle
  9768 | D:11     | Reached XP level 12. HP: 84/87 MP: 17/17
 10064 | D:11     | Found a portal to a secret trove of treasure.
 10600 | D:12     | Noticed Frances
 10629 | D:12     | Mangled by a chaos spawn

Illustrated notes

Levels and vault maps discovered:
D:1:      onia_arrival_handbag, layout_loops_ring, shapermc_ecumenical_altar_gd,
          chequers_avenue
D:2:      layout_rooms, basic_altar, chequers_serial_rivers_room_b
D:3:      layout_basic, kennysheep_orc_sif_temple
D:4:      layout_basic, serial_shops, nicolae_shop_waterfront, minmay_between,
          uniq_robin, uniq_natasha, uniq_blork_the_orc
D:5:      layout_basic, uniq_eustachio
D:6:      layout_rooms, ebering_ghost_xom
D:7:      layout_basic, nicolae_overflow_hidden_temple,
          minmay_temple_entry_tees, uniq_jeremiah
D:8:      layout_basic, david_lair_shrubbed, uniq_erica
D:9:      layout_cave_pools, special_room [special_room_orc], uniq_amaemon
D:10:     layout_irregular_city, mainiacjoe_overflow_paths, enter_bailey_3,
          hangedman_minor_magic, uniq_joseph, uniq_maggie, uniq_harold
D:11:     layout_small_grid, nicolae_trove_entry_path_of_doom, uniq_grum
D:12:     layout_loops_corners, david_orc_5, uniq_frances

Skill      XL: |  1  2  3  4  5  6  7  8  9 10 11 |
---------------+----------------------------------+-----
Stealth        | 6 7 8 9 10 11 12 13 14 | 14.6
Short Blades   | 3 4 6 8 9 11 | 11.3
Armour         | 1 2 3 4 5 6 |  6.6
Invocations    | 1 2 4 5 6 7 |  7.4
Fighting       | 2 3 4 5 |  5.8
Dodging        | 2 3 4 5 6 |  6.4
Throwing       | 2 3 4 |  4.1

Action                     |  1- 3 |  4- 6 |  7- 9 | 10-12 || total
---------------------------+-------+-------+-------+-------++-------
  Melee: Dagger            |    67 |   127 |    92 |   372 ||   658
         Bite              |     4 |    13 |    29 |    58 ||   104
         Punch             |       |     2 |     1 |     2 ||     5
         Rapier            |       |       |   133 |       ||   133
  Throw: Dart              |       |    13 |    15 |    34 ||    62
         Throwing net      |       |       |       |     3 ||     3
 Invoke: Recall Undead Har |       |     1 |     1 |       ||     2
         Dark Bargain      |       |     2 |     3 |     3 ||     8
Ability: Exsanguinate      |     1 |       |       |       ||     1
         Revivify          |     1 |       |       |       ||     1
  Evoke: Wand              |       |       |     1 |     3 ||     4
    Use: Scroll            |     4 |     3 |     6 |     6 ||    19
         Potion            |       |     1 |     2 |     7 ||    10
   Stab: Sleeping          |    25 |    11 |     6 |    12 ||    54
         Distracted        |       |     1 |     2 |     6 ||     9
         Paralysed         |       |       |     1 |       ||     1
         Confused          |       |       |       |     1 ||     1
         Held in net/web   |       |       |       |     1 ||     1
 Armour: Robe              |     7 |       |       |       ||     7
         Leather armour    |     1 |    25 |       |       ||    26
         Ring mail         |       |    20 |    67 |   103 ||   190
         Skin              |       |       |       |    29 ||    29
  Dodge: Dodged            |    19 |   103 |   158 |   221 ||   501

Table legend: (Time is in decaauts)
 A = Elapsed time spent in this place.
 B = Non-inter-level travel time spent in this place.
 C = Inter-level travel time spent in this place.
 D = Time resting spent in this place.
 E = Time spent auto-exploring this place.
 F = Levels seen in this place.
 G = Mean time per level.
                   A        B        C        D        E       F      G
               +--------+--------+--------+--------+--------+-----+--------+
         Total |  13020 |  12255 |    765 |     84 |   9995 |  12 | 1085.0 |
       Dungeon |  13020 |  12255 |    765 |     84 |   9995 |  12 | 1085.0 |
               +--------+--------+--------+--------+--------+-----+--------+

Top non-repeatable levels by time:
     D:4: 2153 daAuts
    D:11: 1699 daAuts
     D:8: 1500 daAuts
     D:3: 1475 daAuts
     D:7: 1161 daAuts
    D:10: 1120 daAuts
     D:9: 952 daAuts
     D:1: 937 daAuts
     D:5: 781 daAuts
     D:6: 735 daAuts
     D:2: 474 daAuts
    D:12: 28 daAuts
